AoeStats
← 初晴

Arena

509688561Analyzed
4v4 RM · 4d ago on Sep 27, 2026· 30m 55s· 8 players
Game mode
Random Map
Map size
Large (8 player)
Population
200
Speed
Normal
Resources
Standard
Victory
Conquest
Starting age
Dark Age
Ending age
Imperial Age
RankedLock teamsTeams togetherTeam positionsShared explorationLock speedFull tech treeHidden civsTurbo modeCheats
Victory
Defeat
🇨🇳 Khmer · China
1632
+10
🇨🇳 Spanish · China
1628
+10
🇹🇼 Persians · Taiwan
1508
+15
🇨🇳 Turks · China
1149
+28
🇪🇸 Britons · Spain
1536
-17
🇪🇸 Burgundians · Spain
1487
-16
🇬🇧 Mongols · United Kingdom
1470
-16
🇪🇸 Varangians · Spain
1440
-14
jueaadjx
5:05 Loom
9:50 Feudal Age
11:48 Double-Bit Axe
13:26 Horse Collar
King-WzRun
8:18 Loom
11:04 Feudal Age
14:52 Castle Age
14:03 Gold Mining
14:42 Double-Bit Axe
23:30 Horse Collar
25:31 Wheelbarrow
25:57 Stone Mining
26:20 Padded Archer Armor
28:04 Bloodlines
27:55 Husbandry
30:18 Leather Archer Armor
30:04 Heavy Plow
30:14 Bow Saw
31:59 Stone Shaft Mining
初晴
12:18 Feudal Age
16:10 Castle Age
16:50 Loom
20:12 Imperial Age
18:48 Gold Mining
zymini
9:58 Feudal Age
12:55 Castle Age
11:15 Double-Bit Axe
11:16 Horse Collar
13:57 Bow Saw
15:06 Wheelbarrow
15:16 Heavy Plow
15:54 Loom
17:46 Gold Mining
18:14 Stone Mining
19:15 Gold Shaft Mining
23:38 Imperial Age
21:15 Loom
22:43 Bloodlines
22:34 Husbandry
23:16 Scale Barding Armor
23:22 Forging
23:53 Hand Cart
24:01 Elite Battle Elephant
27:18 Iron Casting
28:34 Chain Barding Armor
29:28 Tusk Swords
JesusVII
3:19 Double-Bit Axe
5:45 Horse Collar
10:52 Feudal Age
14:52 Castle Age
15:40 Bow Saw
15:30 Heavy Plow
19:44 Loom
24:27 Wheelbarrow
24:04 Loom
28:02 Imperial Age
26:12 Hand Cart
25:59 Scale Mail Armor
26:41 Forging
25:53 Pikeman
26:33 Squires
26:47 Squires
27:46 Chain Mail Armor
28:38 Iron Casting
29:23 Plate Mail Armor
28:42 Halberdier
Fac Et Spera
7:37 Feudal Age
5:55 Loom
9:03 Fletching
13:07 Double-Bit Axe
14:40 Horse Collar
17:46 Wheelbarrow
22:28 Castle Age
23:22 Stone Mining
23:24 Gold Mining
23:53 Bow Saw
23:46 Heavy Plow
24:59 Hand Cart
25:38 Town Watch
27:24 Bodkin Arrow
Don Roscon
9:16 Feudal Age
13:13 Castle Age
11:53 Double-Bit Axe
13:47 Horse Collar
18:21 Loom
21:02 Bow Saw
22:24 Heavy Plow
25:27 Pikeman
Karma12345i
10:43 Feudal Age
14:38 Castle Age
13:32 Double-Bit Axe
13:30 Horse Collar
16:17 Bow Saw
20:03 Wheelbarrow
20:07 Heavy Plow
21:56 Gold Mining
21:59 Stone Mining
23:39 Hand Cart
23:36 Fletching
23:57 Crossbowman
27:38 Imperial Age
26:29 Gold Shaft Mining
26:20 Bodkin Arrow
27:12 Ballistics
27:03 Padded Archer Armor
28:21 Bracer
29:23 Chemistry
27:49 Arbalester
Connection lost

Rejoining the realm…

Still unreachable

The connection could not be restored.

Session expired

The server has moved on; the page needs a fresh start.